 Dungeon Crawl Stone Soup version 0.29.0-4-gdea44cf6ec (webtiles) character file.

Game seed: 11030344041306888085

23 qw the Chopper (level 3, 0/21 HPs)
             Began as a Tengu Warper on Aug 28, 2022.
             Slain by Sigmund
             ... wielding a +0 scythe
              (1 damage)
             ... on level 2 of the Dungeon.
             The game lasted 00:00:05 (1280 turns).

qw the Chopper (Tengu Warper)                       Turns: 1280, Time: 00:00:05

Health: 0/21       AC:  3    Str: 13    XL:     3   Next: 0%
Magic:  7/7        EV: 12    Int: 13    God:
Gold:   34         SH:  0    Dex: 13    Spells: 6/6 levels left

rFire   . . .      SeeInvis .   c - +0 war axe
rCold   . . .      Faith    .   (no shield)
rNeg    . . .      Spirit   .   b - +0 leather armour
rPois   .          Reflect  .   (helmet restricted)
rElec   .          Harm     .   (no cloak)
rCorr   .          Rampage  .   (no gloves)
Will    .....                   (boots unavailable)
Stlth   +.........              (no amulet)
HPRegen 0.07/turn               (no ring)
MPRegen 0.10/turn               (no ring)

@: confused
A: beak, talons 3
a: no special abilities


You were on level 2 of the Dungeon.
You visited 1 branch of the dungeon, and saw 2 of its levels.

You collected 34 gold pieces.


Innate Abilities, Weirdness & Mutations

You have a beak for a mouth.
You have claws for feet.


   Skills:
 - Level 2.0 Fighting
 + Level 3.7 Axes
 - Level 1.0 Throwing
 - Level 1.1 Armour
 - Level 2.1 Dodging
 - Level 2.0 Spellcasting
 - Level 2.4 Translocations


You had 6 spell levels left.
You didn't know any spells.
Your spell library contained the following spells:

 Spells                   Type           Power      Damage    Failure   Level
 Blink                    Tloc           14%        N/A       19%         2
 Gell's Gravitas          Tloc           7%         N/A       36%         3
 Lesser Beckoning         Tloc           7%         N/A       36%         3
 Teleport Other           Tloc           7%         N/A       36%         3
 Manifold Assault         Tloc           7%         N/A       98%         5

Inventory:

Hand Weapons
 c - a +0 war axe (weapon)
 g - a +0 club
Armour
 b - a +0 leather armour (worn)
Scrolls
 a - a scroll of identify
Potions
 d - a potion of heal wounds {unknown}

Dungeon Overview and Level Annotations

Branches:
Dungeon (2/15)

Altars:

Annotations:
D:2 Sigmund


Message History

You now have 34 gold pieces (gained 18).
Found a scroll of poison.
You see here a +0 leather armour.
A kobold comes into view. It is wielding a +0 club.
The kobold shouts!
You hit the kobold.
You kill the kobold!
You have reached level 3!
Your experience leads to an increase in your attributes!
Increase (S)trength, (I)ntelligence, or (D)exterity?
You feel stronger. x2
You see here a +0 leather armour.
Found an escape hatch in the ceiling.
There is an escape hatch in the ceiling here.
Found a faded altar of an unknown god.
Enter note: Sigmund the Dreaded comes into view.
He is wielding a +0 scythe.
Sigmund shouts!
You hear a shout!
You see here a +0 scale mail.
1272 ||| Stepping ~*~*~tactically~*~*~ (hiding).
You start waiting.
Sigmund is nearby!
A hobgoblin comes into view.
The hobgoblin shouts!
Sigmund hits you with a +0 scythe!
You hit Sigmund. Your kick misses Sigmund. You peck Sigmund.
Sigmund is moderately wounded.
Sigmund hits you with a +0 scythe!
You slash Sigmund! Your kick misses Sigmund.
Sigmund is severely wounded.
You closely miss Sigmund. Your kick misses Sigmund.
Sigmund is severely wounded.
Sigmund points at you and mumbles some strange words.
The magic dart hits you. Sigmund casts a spell at you.
You are confused.
You slash Sigmund!
Sigmund is almost dead.
Sigmund hits you with a +0 scythe.
You die...

.....#. #..........
.....#. #..##......
.....#. #..######<.
..._... #..# ####..
....... #..# #....#
....... #.^# #.##..
#....#.#######..###.##..
.......[................
#).....@................
######@########.#.......
#g ##.#<######. #.
#.###....... #.
##.#.####### #. ##.##
#### #. #.# #... #. #.#
#.## #.# #.##


You could see Sigmund and a hobgoblin.

Vanquished Creatures
  A worm (D:2)
  2 ball pythons (D:1)
  2 endoplasms
  A giant cockroach (D:1)
  3 goblins
  2 hobgoblins
  A quokka (D:1)
  3 frilled lizards (D:1)
  A kobold (D:2)
  3 rats (D:1)
19 creatures vanquished.

Notes
Turn   | Place    | Note
-------+----------+-------------------------------------------
     0 | D:1      | qw the Tengu Warper began the quest for the Orb.
     0 | D:1      | Reached XP level 1. HP: 12/12 MP: 4/4
     0 | D:1      | 0 ||| qw: Version: 0.1-a-89-g26bdef1
     0 | D:1      | 0 ||| qw: Game counter: 1770
     0 | D:1      | 0 ||| qw: Always use a shield: true
     0 | D:1      | 0 ||| qw: God list: Okawaru
     0 | D:1      | 0 ||| qw: Allow faded altars: false
     0 | D:1      | 0 ||| qw: Do Orc after D:15 true
     0 | D:1      | 0 ||| qw: Do second Lair branch before Depths: true
     0 | D:1      | 0 ||| qw: Lair rune preference: random
     0 | D:1      | 0 ||| qw: Plans: Normal
     0 | D:1      | 0 ||| PLANNING D:1-11
   137 | D:1      | Reached XP level 2. HP: 15/17 MP: 6/6
   139 | D:1      | Reached skill level 3 in Axes
   688 | D:1      | 688 ||| READING 4 scrolls labelled ZUALE ETUGRU.
   689 | D:1      | 689 ||| READING scroll labelled ABBERU WUAMIYL.
   690 | D:1      | 690 ||| READING scroll labelled XOSURO NAFI.
   695 | D:1      | 695 ||| READING 3 scrolls of identify.
   695 | D:1      | 695 ||| IDENTIFYING brown potion
   696 | D:1      | 696 ||| READING 2 scrolls of identify.
   696 | D:1      | 696 ||| IDENTIFYING murky golden potion
   697 | D:1      | 697 ||| DROPPING scroll of blinking.
   698 | D:1      | 698 ||| DROPPING potion of berserk rage.
   699 | D:1      | 699 ||| DROPPING potion of lignification.
   737 | D:2      | HP: 4/17 [worm (6)]
  1091 | D:2      | 1091 ||| SWAPPING to +0 war axe.
  1092 | D:2      | 1092 ||| DROPPING +0 hand axe.
  1134 | D:2      | 1134 ||| DROPPING +4 hand axe of freezing.
  1150 | D:2      | Reached XP level 3. HP: 21/21 MP: 7/7
  1269 | D:2      | Found a faded altar of an unknown god.
  1271 | D:2      | Noticed Sigmund
  1272 | D:2      | 1272 ||| Stepping ~*~*~tactically~*~*~ (hiding).
  1279 | D:2      | HP: 1/21 [Sigmund/magic dart (6)]
  1280 | D:2      | Slain by Sigmund

Levels and vault maps discovered:
D:1:      amcnicky_arrival_flooded_fountain, layout_rooms, roderic_lattice_a
D:2:      layout_loops_ring, basic_ecumenical_altar, grunt_ministairs_3,
          uniq_sigmund

Skill      XL: |  1  2 |
---------------+-------+-----
Axes           | 3 |  3.7
Fighting       | |  2.0
Throwing       | |  1.0
Armour         | |  1.1
Dodging        | |  2.1
Spellcasting   | |  2.0
Translocations | |  2.4

Action                   || total
-------------------------++-------
Melee: Hand axe          ||    28
       Kick              ||     8
       Peck              ||     6
       War axe           ||     6
Throw: Boomerang         ||     7
  Use: Scroll            ||     5
Armor: Leather armour    ||     6
Dodge: Dodged            ||    10

Table legend:
 A = Non-vault XP
 B = Vault XP
 C = Vault XP percentage of total XP
 D = Non-vault monster count
 E = Vault monster count
 F = Vault count percentage of total count
                 A         B        C        D         E       F
            +---------+---------+-------+---------+---------+-------
      Total |      34 |       0 |   0.0 |      19 |       0 |   0.0
            +---------+---------+-------+---------+---------+-------
        D:1 |      22 |       0 |   0.0 |      14 |       0 |   0.0
        D:2 |      12 |       0 |   0.0 |       5 |       0 |   0.0
            +---------+---------+-------+---------+---------+-------
